 Dungeon Crawl Stone Soup version 0.20.1-1-g8b1a95d (webtiles) character file.

73 Linguinho the Vexing (level 4, -1/30 HPs)
             Began as a Demonspawn Enchanter on Oct 31, 2017.
             Slain by a leopard gecko (4 damage)
             ... on level 2 of the Dungeon.
             The game lasted 00:12:03 (3302 turns).

Linguinho the Vexing (Demonspawn Enchanter)         Turns: 3302, Time: 00:12:04

Health: -1/30      AC:  2    Str:  8    XL:     4   Next: 8%
Magic:  1/8        EV: 13    Int: 17    God:
Gold:   37         SH:  0    Dex: 17    Spells: 2/8 levels left

rFire    + . .     SeeInvis .   h - -3 dagger (curse)
rCold    . . .     Gourm    .   (no shield)
rNeg     . . .     Faith    .   b - +0 robe
rPois    .         Spirit   .   (helmet restricted)
rElec    .         Reflect  .   (no cloak)
rCorr    .         Harm     .   (no gloves)
MR       .....                  (no boots)
Stlth    ++........             (no amulet)
Regen    0.1/turn               e - +3 ring of dexterity
MPRegen  0.2/turn               (no ring)

@: very slightly contaminated, invisible
A: antennae 1, fire resistance 1, flame cloud immunity
a: no special abilities


You were on level 2 of the Dungeon.
You were not hungry.

You visited 1 branch of the dungeon, and saw 2 of its levels.

You collected 37 gold pieces.

Inventory:

Hand Weapons
 a - a +1 dagger
 g - a +1 dagger of venom
 h - a cursed -3 dagger (weapon)
Armour
 b - a +0 robe (worn)
Jewellery
 e - a +3 ring of dexterity (left hand)
Scrolls
 j - a scroll of identify
Potions
 k - a potion of haste {unknown}
 l - a potion of heal wounds {unknown}
Books
 c - a book of Maledictions

   Spells                             Type                      Level
   a - Corona                         Hexes                        1
   b - Ensorcelled Hibernation        Hexes/Ice                    2
   c - Confuse                        Hexes                        3
   d - Tukima's Dance                 Hexes                        3
   e - Dazzling Spray                 Conjuration/Hexes            3
Comestibles
 f - a fruit


   Skills:
 + Level 1.4 Short Blades
 + Level 2.0 Dodging
 + Level 3.2 Stealth
 + Level 2.7 Spellcasting
 + Level 3.3 Hexes
 + Level 0.8 Ice Magic


You had 2 spell levels left.
You knew the following spells:

 Your Spells              Type           Power        Failure   Level  Hunger
a - Corona                Hex            ##.....      4%          1    #......
b - Ensorcelled Hibernat  Hex/Ice        #.....       12%         2    ##.....
c - Tukima's Dance        Hex            ##......     14%         3    ###....


Dungeon Overview and Level Annotations

Branches:
Dungeon (2/15)

Altars:


Innate Abilities, Weirdness & Mutations

You have a pair of small antennae on your head.
Your flesh is heat resistant. (rF+)
You are immune to clouds of flame.


Message History

The leopard gecko bites you.
* * * LOW HITPOINT WARNING * * *
Casting: Ensorcelled Hibernation
Confirm with . or Enter, or press ? or * to list all spells.
Aiming: Ensorcelled Hibernation
Press: ? - help, Shift-Dir - straight line, f/p - leopard gecko
Aim: a leopard gecko (clinging, chance to defeat MR: 58%)
The leopard gecko resists with significant effort.
The leopard gecko bites you but does no damage.
The leopard gecko bites you.
* * * LOW HITPOINT WARNING * * *
Okay, then.
Sorry, you're not good enough to have a special ability.
Unknown command.
It was a potion of invisibility.
You fade into invisibility!
The leopard gecko barely misses you.
You are very lightly contaminated with residual magic.
The leopard gecko bites you.
You die...

##### #.#.#########
############............
#.....l@................
#.##########.#...#######
#.#........(.....####
#.#.########.#......####
#.......................
#.#.########.#..###.....
#.#.# #.#..........
#.#.# #.##.###..###
#.#.# #.##.# #..#


You could see a leopard gecko.

Vanquished Creatures
  A worker ant (D:1)
  2 worms
  3 dart slugs (D:1)
  A leopard gecko (D:1)
  7 bats
  A giant cockroach (D:1)
  3 hobgoblins (D:1)
  2 jackals (D:1)
  3 frilled lizards
  6 goblins
  4 kobolds (D:1)
  7 rats
40 creatures vanquished.

Notes
Turn   | Place    | Note
-------+----------+-------------------------------------------
     0 | D:1      | Linguinho the Demonspawn Enchanter began the quest for the Orb.
     0 | D:1      | Reached XP level 1. HP: 13/13 MP: 3/3
   169 | D:1      | Gained mutation: Your flesh is heat resistant. (rF+) [demonic ancestry]
   169 | D:1      | Reached XP level 2. HP: 18/19 MP: 5/5
   193 | D:1      | Learned a level 2 spell: Ensorcelled Hibernation
   256 | D:1      | Reached skill level 1 in Short Blades
  1233 | D:1      | Gained mutation: You have a pair of small antennae on your head. [demonic ancestry]
  1233 | D:1      | Reached XP level 3. HP: 14/24 MP: 3/6
  1360 | D:1      | Learned a level 3 spell: Tukima's Dance
  1548 | D:1      | HP: 1/24 [rat (2)]
  2774 | D:1      | Gained mutation: You are immune to clouds of flame. [demonic ancestry]
  2774 | D:1      | Reached XP level 4. HP: 30/30 MP: 5/8
  3302 | D:2      | Slain by a leopard gecko

Skill      XL: |  1  2 |
---------------+-------+-----
Stealth        | 3 |  3.2
Short Blades   | 1 |  1.4
Dodging        | 2 |  2.0
Spellcasting   | |  2.7
Hexes          | |  3.3
Ice Magic      | |  0.8

Action                   |  1- 3 |  4- 6 || total
-------------------------+-------+-------++-------
Melee: Dagger            |   143 |    19 ||   162
 Cast: Corona            |     6 |       ||     6
       Ensorcelled Hiber |    47 |    17 ||    64
       Tukima's Dance    |     1 |       ||     1
  Use: Scroll            |     2 |       ||     2
       Potion            |       |     1 ||     1
 Stab: Sleeping          |    29 |     5 ||    34
  Eat: Chunk             |     5 |       ||     5
       Bread ration      |     1 |     1 ||     2
Armor: Robe              |    45 |     5 ||    50
Dodge: Dodged            |   144 |    26 ||   170
